Map: Cerulean Fall LE

Players

Grimreaper

  • Race: Protoss Protoss
  • Spawn Location: 1:00

VOD

Have the link to the VOD?

Description

Time

  • Played on: Jan. 20, 2019, 9:59 p.m.
  • Length: 22:17
Show
View Real Time Build Order
Export as new Build Order

Grimreaper Protoss 

Build Orders:  

Get SALT Encoding   

  12  0:03  Probe (Chrono Boost)  
  14  0:20  Probe (Chrono Boost)  
  14  0:30  Pylon  
  14  0:37  Probe (Chrono Boost)  
  15  0:56  Gateway  
  15  0:59  Probe (Chrono Boost)  
  16  1:04  Assimilator  
  16  1:16  Probe (Chrono Boost)  
  17  1:33  Probe (Chrono Boost)  
  18  1:45  Probe (Chrono Boost)  
  19  1:56  Probe (Chrono Boost)  
  20  2:02  Cybernetics Core  
  20  2:05  Gateway  
  20  2:12  Assimilator  
  20  2:17  Probe (Chrono Boost)  
  21  2:34  Probe (Chrono Boost)  
  23  2:51  Probe (Chrono Boost)  
  23  3:04  Pylon  
  23  3:29  Stalker x2  
  28  3:32  Probe (Chrono Boost)  
  28  3:58  Nexus  
  28  3:59  Warp Gate  
  28  4:36  Assimilator  
  28  4:40  Assimilator, Pylon  
  28  4:44  Pylon  
  28  4:49  Pylon  
  28  4:53  Pylon  
  28  5:04  Probe (Chrono Boost)  
  29  5:14  Stalker  
  32  5:21  Probe (Chrono Boost)  
  32  5:23  Stalker  
  34  5:38  Probe (Chrono Boost)  
  35  5:44  Probe (Chrono Boost)  
  36  5:55  Probe (Chrono Boost)  
  36  5:58  Stalker  
  40  6:01  Probe (Chrono Boost)  
  40  6:07  Stalker  
  43  6:11  Probe (Chrono Boost)  
  43  6:18  Probe (Chrono Boost)  
  44  6:20  Pylon  
  44  6:31  Stalker  
  44  6:35  Probe (Chrono Boost)  
  47  6:47  Twilight Council  
  47  6:49  Robotics Facility  
  48  6:52  Probe (Chrono Boost)  
  48  7:02  Gateway  
  49  7:10  Probe (Chrono Boost)  
  50  7:20  Probe (Chrono Boost)  
  50  7:25  Gateway  
  50  7:27  Probe (Chrono Boost)  
  51  7:38  Gateway  
  51  7:43  Gateway  
  51  7:44  Probe (Chrono Boost)  
  52  7:51  Gateway  
  53  8:01  Probe (Chrono Boost)  
  53  8:06  Forge  
  53  8:12  Forge  
  53  8:18  Probe (Chrono Boost)  
  54  8:21  Forge  
  54  8:30  Adept x2  
  54  8:35  Adept  
  60  8:53  Protoss Ground Weapons Level 1  
  60  8:55  Protoss Ground Armor Level 1, Gateway  
  60  8:57  Protoss Shields Level 1  
  60  8:58  Gateway  
  60  9:43  Immortal  
  64  9:51  Nexus  
  64  10:03  Unknown  
  65  10:10  Probe (Chrono Boost)  
  65  10:14  Probe (Chrono Boost)  
  65  10:19  Adept x5  
  76  10:27  Probe (Chrono Boost)  
  78  10:31  Probe (Chrono Boost)  
  78  10:38  Immortal  
  82  10:44  Probe (Chrono Boost)  
  82  10:48  Probe (Chrono Boost)  
  84  10:55  Pylon  
  84  11:20  Protoss Ground Weapons Level 2, Robotics Facility  
  84  11:22  Protoss Ground Armor Level 2  
  84  11:23  Charge  
  84  11:24  Protoss Shields Level 2  
  84  11:25  Robotics Facility  
  84  11:47  Immortal  
  88  11:54  Probe (Chrono Boost)  
  88  11:57  Probe (Chrono Boost)  
  91  12:11  Probe (Chrono Boost)  
  91  12:14  Probe (Chrono Boost)  
  91  12:16  Pylon  
  91  12:19  Pylon  
  92  12:23  Pylon  
  92  12:28  Probe (Chrono Boost)  
  94  12:30  Immortal  
  94  12:31  Probe (Chrono Boost)  
  96  12:45  Probe (Chrono Boost)  
  96  12:46  Stalker x3  
  96  12:48  Probe (Chrono Boost)  
  79  13:02  Probe (Chrono Boost)  
  79  13:04  Stalker x2  
  79  13:05  Stalker, Probe (Chrono Boost)  
  75  13:19  Stalker x3  
  68  13:35  Stalker  
  68  13:36  Stalker x2  
  68  13:37  Stalker  
  66  13:58  Stalker x3  
  66  13:59  Stalker  
  66  14:07  Stalker  
  66  14:08  Stalker  
  62  14:34  Stalker  
  62  14:35  Stalker x4  
  66  14:45  Zealot x2  
  66  14:46  Zealot  
  62  15:10  Stalker x3  
  62  15:11  Stalker x2  
  62  15:13  Zealot  
  68  15:37  Stalker x3  
  70  15:49  Stalker  
  66  15:51  Stalker  
  66  15:52  Stalker  
  66  15:53  Stalker  
  64  16:10  Stalker x3  
  66  16:25  Immortal  
  66  16:29  Zealot x4  
  76  16:30  Zealot  
  54  17:02  Zealot x4  
  54  17:03  Zealot x3  
  62  17:18  Immortal  
  63  17:38  Probe (Chrono Boost)  
  64  17:40  Zealot x3  
  70  17:55  Probe (Chrono Boost)  
  71  18:04  Probe (Chrono Boost)  
  73  18:12  Probe (Chrono Boost)  
  74  18:21  Probe (Chrono Boost)  
  74  18:34  Nexus  
  74  18:38  Probe (Chrono Boost)  
  75  18:51  Nexus  
  75  18:55  Probe (Chrono Boost)  
  78  19:10  Probe (Chrono Boost)  
  78  19:12  Probe (Chrono Boost)  
  78  19:27  Probe (Chrono Boost)  
  78  19:29  Probe (Chrono Boost)  
  80  19:33  Probe (Chrono Boost)  
  80  19:37  Stalker x5  
  91  19:44  Probe (Chrono Boost)  
  91  19:45  Probe (Chrono Boost)  
  94  19:50  Probe (Chrono Boost)  
  95  20:01  Probe (Chrono Boost)  
  95  20:02  Probe (Chrono Boost)  
  95  20:07  Probe (Chrono Boost)  
  97  20:18  Probe x2 (Chrono Boost)  
  97  20:19  Probe (Chrono Boost)  
  100  20:24  Probe (Chrono Boost)  
  100  20:27  Stalker  
  100  20:28  Stalker x4  
  100  20:29  Stalker  
  113  20:34  Probe (Chrono Boost)  
  113  20:36  Probe (Chrono Boost)  
  116  20:41  Probe (Chrono Boost)  
  107  20:51  Probe (Chrono Boost)  
  95  21:07  Adept x3  
  95  21:08  Adept x5, Probe (Chrono Boost)  
  88  21:49  Stalker  
  79  21:50  Stalker x4  
  79  21:51  Stalker x3  
  84  22:00  Probe (Chrono Boost)  
Tags
 
Add a new tag
Caveats
  • Supply blocks, unpowered buildings, or Contaminate may cause inaccurate times.
  • Supply counts are checked every 10 seconds.